Match 47419301
Unlisted

Match 47419301
End
Pioneer Squad
Construct Infanterie Kompanie
MG 42 Machine Gun Team
Grenadier Squad
Selects Mechanized Battlegroup
Grenadier Squad
Construct Panzergrenadier Kompanie
Pak 40 Anti-tank Gun Team
MG 42 Bunker
Support Elements
Medical Station
MG 42 Bunker
Selects Raid Package
StuG III G Assault Gun
Panzergrenadier Officer Quarters
Selects StuG Assault Group
Construct Panzer Kompanie
Sturmpanzer IV Brummbär
251 Medium Carrier
Forward Retreat Point
<Alpha>saltingfish
lengfeng988
不太彳亍
花海魔术师
mIST
kalelung
Karung_Vtuber
하얀소울
0
0

Comments sign in to comment!

No comments posted yet!